 Dungeon Crawl Stone Soup version 0.24.0-123-gd5b16e6ec5 (webtiles) character file.

Game seed: 16006935034078580079, levelgen mode: deterministic

5808 HammerPanzer the Bludgeoner (level 10, -2/77 HPs)
             Began as a Minotaur Berserker on Jan 9, 2020.
             Was a High Priest of Trog.
             Slain by a komodo dragon (21 damage)
             ... on level 9 of the Dungeon.
             The game lasted 00:29:38 (8471 turns).

HammerPanzer the Bludgeoner (Minotaur Berserker)    Turns: 8471, Time: 00:29:39

Health: -2/77      AC: 16    Str: 23    XL:     10   Next: 50%
Magic:  9/9        EV:  7    Int:  6    God:    Trog [*****.]
Gold:   537        SH:  0    Dex: 10    Spells: 9/9 levels left

rFire    + . .     SeeInvis .   a - +1 mace
rCold    . . .     Gourm    .   (no shield)
rNeg     + . .     Faith    .   l - +0 plate armour
rPois    +         Spirit   .   (helmet restricted)
rElec    +         Reflect  .   u - +0 cloak
rCorr    .         Harm     .   k - +0 pair of gloves
MR       .....                  r - +2 pair of boots of Jenloecw {rElec rPois rN+}
Stlth    ..........             (no amulet)
HPRegen  0.22/turn              n - ring of stealth
MPRegen  0.11/turn              t - ring of protection from fire

@: berserk cooldown, slowed, very slow
A: retaliatory headbutt, horns 2
a: Berserk, Trog's Hand, Brothers in Arms, Renounce Religion


You were on level 9 of the Dungeon.
You worshipped Trog.
Trog was extremely pleased with you.
You were not hungry.

You visited 2 branches of the dungeon, and saw 10 of its levels.
You also visited: Sewer.

You collected 537 gold pieces.

Inventory:

Hand Weapons
 a - a +1 mace (weapon)
Missiles
 m - 138 stones (quivered)
 y - 4 silver boomerangs
Armour
 k - a +0 pair of gloves (worn)
 l - a +0 plate armour (worn)
 r - the +2 pair of boots of Jenloecw (worn) {rElec rPois rN+}
   (You found it on level 5 of the Dungeon)

   It insulates you from electricity.
   It protects you from poison.
   It protects you from negative energy.
 u - a +0 cloak (worn)
Jewellery
 i - an uncursed ring of stealth
 n - a ring of stealth (left hand)
 t - a ring of protection from fire (right hand)
Wands
 p - a wand of iceblast (12)
 z - a wand of flame (23)
 A - a wand of random effects (17)
Scrolls
 e - 6 scrolls of identify
 f - 4 scrolls of remove curse
 h - 3 scrolls of teleportation
 o - a scroll of fog
 w - a scroll of fear
 x - a scroll of enchant weapon
 C - a scroll of vulnerability {unknown}
 E - 2 scrolls of blinking
Potions
 b - 2 potions of curing
 d - 4 potions of brilliance
 g - 3 potions of lignification
 j - a potion of mutation
 q - 2 potions of agility
 s - a potion of berserk rage
 v - a potion of haste
 B - a potion of magic {unknown}
Comestibles
 c - 17 rations
 D - 6 chunks of flesh


   Skills:
 - Level 3.6 Fighting
 * Level 17.6 Maces & Flails
 - Level 2.4 Armour
 - Level 2.1 Dodging


You had 9 spell levels left.
You didn't know any spells.
Your spell library was empty.

Dungeon Overview and Level Annotations

Branches:
Dungeon (9/15)             Temple (1/1) D:4            Lair (0/6) D:9
  Sewer (visited)
    Orc: D:9-12

Altars:
Ashenzari
Cheibriados
Dithmenos
Elyvilon
Fedhas
Gozag
Hepliaklqana
Kikubaaqudgha
Makhleb
Nemelex Xobeh
Okawaru
Qazlal
Ru
Sif Muna
Uskayaw
Vehumet
Wu Jian
Xom
Yredelemnul
Zin
The Shining One

Shops:
D:5 *   D:9 (

Annotations:
D:6 1 transporter


Innate Abilities, Weirdness & Mutations

You reflexively headbutt those who attack you in melee.
You have a pair of horns on your head.


Message History

Trog grants you ammunition!
You see here a porcupine corpse.
You feel a strong urge to attack something.
You feel your anger nearly subside.
You are no longer berserk.
You are exhausted.
You feel yourself slow down. The komodo dragon bites you!!
Found 16 gold pieces.
You closely miss the komodo dragon. The komodo dragon closely misses you.
You sock the komodo dragon! You headbutt the komodo dragon!
The komodo dragon is heavily wounded.
The komodo dragon bites you!
You closely miss the komodo dragon.
You headbutt the komodo dragon, but do no damage.
The komodo dragon is heavily wounded.
The komodo dragon bites you.
* * * LOW HITPOINT WARNING * * *
You hit the komodo dragon. Your headbutt misses the komodo dragon.
The komodo dragon is heavily wounded.
The komodo dragon bites you!!
You die...

..............###.#.h..##.
..>...............#....##.
..............##.......##.
####..........##.##....##.
#........P........##.#.##.
#...P..(P...#..#.. #.#....
#.....†..P..P..##.# #####
#.P.P....Pl...... . #..
#.P.....P@..P..<#. #..
#...P..........P## #..
#P................ #..
#P..♣P..>♣.P!.P.## ##.
#.........♣....... #..
#.......P. ....... #..
.P....♣. ....#.. ###
..P.... $P..... #.. #.#


You could see a komodo dragon.

Vanquished Creatures
  A two-headed ogre (D:5)
  The ghost of Pingvinix the Spear-Bearer, a novice MiFi of Yredelemnul (D:6)
  A spriggan (D:7)
  3 yaks (D:9)
  A basilisk (D:9)
  2 porcupines (D:9)
  2 orc warriors
  A black bear (D:9)
  Purgy (Sewer)
  3 phantoms
  2 ogres
  A necrophage (D:9)
  A wolf (D:9)
  3 centaurs
  4 crocodiles (D:9)
  4 bullfrogs
  A wyvern zombie (D:8)
  2 scorpions (D:9)
  2 killer bees (D:6)
  7 howler monkeys
  2 crimson imps
  A centaur zombie (D:9)
  4 hounds
  3 jellies
  Crazy Yiuf (D:5)
  3 orc priests
  2 bullfrog skeletons
  10 orc wizards
  A centaur skeleton (D:8)
  Natasha (thrice) (D:3)
  7 iguanas
  7 worker ants
  A hound skeleton (D:8)
  6 gnolls
  14 adders
  An ooze (D:6)
  2 adder skeletons
  An adder zombie (D:8)
  A worm (D:5)
  2 dart slugs (D:2)
  4 leopard geckos
  36 orcs
  11 giant cockroaches
  16 goblins
  8 hobgoblins
  4 jackals
  A quokka (D:3)
  4 ball pythons
  15 bats
  6 frilled lizards
  A jackal zombie (D:8)
  4 kobolds
  A leopard gecko skeleton (D:8)
  A leopard gecko zombie (D:7)
  3 rats
230 creatures vanquished.

Vanquished Creatures (collateral kills)
  A porcupine (D:9)
  A wolf (D:9)
  An orc (D:9)
3 creatures vanquished.

Vanquished Creatures (others)
  A bush (D:9)
  3 fungi (D:9)
  9 plants (D:9)
13 creatures vanquished.

Grand Total: 246 creatures vanquished

Notes
Turn   | Place    | Note
-------+----------+-------------------------------------------
     0 | D:1      | HammerPanzer the Minotaur Berserker began the quest for the
                  | Orb.
     0 | D:1      | Reached XP level 1. HP: 19/19 MP: 0/0
   206 | D:1      | Reached skill level 4 in Maces & Flails
   270 | D:1      | Reached XP level 2. HP: 26/26 MP: 1/1
   788 | D:1      | Reached skill level 5 in Maces & Flails
   788 | D:1      | Reached XP level 3. HP: 23/31 MP: 2/2
  1050 | D:2      | Reached ** piety under Trog
  1665 | D:2      | Reached skill level 6 in Maces & Flails
  1665 | D:2      | Reached XP level 4. HP: 34/39 MP: 3/3
  1794 | D:3      | Noticed Natasha
  1805 | D:3      | Killed Natasha
  2082 | D:3      | Noticed Natasha
  2200 | D:3      | Killed Natasha
  2200 | D:3      | Reached XP level 5. HP: 45/45 MP: 4/4
  2250 | D:3      | Reached skill level 7 in Maces & Flails
  2274 | D:3      | Noticed Natasha
  2289 | D:3      | Killed Natasha
  2790 | D:3      | Reached *** piety under Trog
  2890 | D:4      | Found a glowing drain.
  2906 | Sewer    | Entered a sewer
  2932 | Sewer    | Noticed Purgy
  2942 | Sewer    | Killed Purgy
  2942 | Sewer    | Reached skill level 8 in Maces & Flails
  2942 | Sewer    | Reached XP level 6. HP: 51/51 MP: 5/5
  3085 | D:4      | Reached skill level 9 in Maces & Flails
  3447 | D:4      | Reached XP level 7. HP: 57/57 MP: 6/6
  3497 | D:4      | Reached skill level 10 in Maces & Flails
  3506 | D:4      | Found a staircase to the Ecumenical Temple.
  3624 | Temple   | Entered the Ecumenical Temple
  4152 | D:5      | Entered Level 5 of the Dungeon
  4239 | D:5      | Noticed a two-headed ogre
  4257 | D:5      | Reached **** piety under Trog
  4450 | D:5      | Got a pair of pitted boots
  4456 | D:5      | Identified the +2 pair of boots of Jenloecw {rElec rPois
                  | rN+} (You found it on level 5 of the Dungeon)
  4468 | D:5      | Reached skill level 11 in Maces & Flails
  4572 | D:5      | Killed a two-headed ogre
  4572 | D:5      | Reached skill level 12 in Maces & Flails
  4572 | D:5      | Reached XP level 8. HP: 36/64 MP: 7/7
  4644 | D:5      | Found a runed translucent door.
  4645 | D:5      | Noticed Crazy Yiuf
  4673 | D:5      | Found Lawnocan's Assorted Antiques.
  4978 | D:5      | Killed Crazy Yiuf
  4978 | D:5      | Reached skill level 13 in Maces & Flails
  5265 | D:6      | Noticed Pingvinix's ghost (novice MiFi)
  5275 | D:6      | Found a transporter.
  5279 | D:6      | Found a transporter.
  5566 | D:6      | Reached XP level 9. HP: 56/70 MP: 8/8
  5669 | D:6      | Reached skill level 14 in Maces & Flails
  5679 | D:6      | Found a sacrificial altar of Ru.
  5870 | D:6      | Killed Pingvinix's ghost
  6000 | D:7      | Reached skill level 15 in Maces & Flails
  6541 | D:8      | Found a hazy altar of Hepliaklqana.
  6541 | D:8      | Found a basalt altar of Yredelemnul.
  6541 | D:8      | Found a glowing silver altar of Zin.
  6541 | D:8      | Found an opulent altar of Gozag.
  6677 | D:8      | Reached skill level 16 in Maces & Flails
  7005 | D:8      | Found a shadowy altar of Dithmenos.
  7090 | D:8      | Reached ***** piety under Trog
  7289 | D:8      | Found a burning altar of Makhleb.
  7368 | D:8      | Reached XP level 10. HP: 77/77 MP: 9/9
  7378 | D:8      | Identified the Compendium of Talismans and Lightness
  7894 | D:9      | Reached skill level 17 in Maces & Flails
  7905 | D:9      | Received a gift from Trog
  8334 | D:9      | Found Doxkopse's Weapon Shop.
  8451 | D:9      | Found a staircase to the Lair.
  8463 | D:9      | Received a gift from Trog
  8471 | D:9      | Slain by a komodo dragon

Levels and vault maps discovered:
D:1:      dpeg_arrival_court, layout_loops_ring, minmay_nonomino_d4
D:2:      layout_rooms
D:3:      layout_rooms, minivault_23, minmay_misc_feat_chi, skrybe_limestone_x,
          minmay_goblin_outpost, uniq_natasha
D:4:      layout_basic, minmay_temple_entry_junction_2, first_ration,
          enter_ossuary_1, portal_sewer_entry_b
D:5:      layout_loops_ring, serial_shops, nicolae_shop_trees, minivault_26,
          uniq_crazy_yiuf_cottage
D:6:      layout_gridville, marbit_many_paths,
          nicolae_ru_great_annihilating_truth, gammafunk_ghost_hive
D:7:      layout_rooms, the_bakery
D:8:      layout_loops_ring, chequers_temple_overflow_statue_of_worship,
          bloody_makhleb, st_stairs_3, grunt_dithmenos_smoke_and_mirrors
D:9:      layout_basic, minmay_lair_entry_grove, kennysheep_small_square
Temple:   regret_index_temple_waves

Skill      XL: |  1  2  3  4  5  6  7  8  9 10 |
---------------+-------------------------------+-----
Maces & Flails | 4 5 6 8 9 12 13 16 17 | 17.6
Fighting       | |  3.6
Armour         | |  2.4
Dodging        | |  2.1

Action                   |  1- 3 |  4- 6 |  7- 9 | 10-12 || total
-------------------------+-------+-------+-------+-------++-------
Melee: Mace              |    86 |   151 |   352 |   119 ||   708
       Headbutt          |     8 |    22 |    46 |    29 ||   105
Throw: Stone             |       |    12 |     5 |       ||    17
Invok: Berserk           |       |     4 |     5 |     2 ||    11
       Trog's Hand       |       |     2 |     3 |       ||     5
       Brothers in Arms  |       |       |       |     1 ||     1
  Use: Scroll            |       |    11 |     7 |     2 ||    20
       Potion            |       |     1 |     2 |       ||     3
 Stab: Sleeping          |       |     4 |     6 |       ||    10
       Distracted        |       |       |     2 |       ||     2
  Eat: Chunk             |     2 |     7 |    18 |     5 ||    32
       Ration            |       |     1 |       |       ||     1
Armor: Animal skin       |     9 |       |       |       ||     9
       Ring mail         |    19 |    36 |       |       ||    55
       Troll leather arm |       |    13 |    61 |       ||    74
       Plate armour      |       |       |    30 |    67 ||    97
Dodge: Dodged            |    61 |   105 |   142 |    39 ||   347
